 Dungeon Crawl Stone Soup version 0.30.0-29-ga12c61a403 (webtiles) character file.

Game seed: 17447440017898473887

65 monsoonserge the Chopper (level 4, -4/32 HPs)
             Began as a Human Wanderer on June 6, 2023.
             Slain by Crazy Yiuf
             ... wielding a +4 quarterstaff of chaos
              (7 damage)
             ... on level 2 of the Dungeon.
             The game lasted 00:05:20 (1407 turns).

monsoonserge the Chopper (Human Wanderer)           Turns: 1407, Time: 00:05:20

Health: -4/32      AC:  7    Str: 16    XL:     4   Next: 35%
Magic:  4/4        EV:  9    Int: 10    God:
Gold:   106        SH:  0    Dex: 13    Spells: 3/3 levels left

rFire   + . .        a - +2 hand axe
rCold   + . .        (no shield)
rNeg    . . .        c - +0 scale mail
rPois   +            (no helmet)
rElec   +            (no cloak)
rCorr   +            (no gloves)
SInv    .            p - +0 pair of boots
Will    .....        (no amulet) Stlth
                     b - ring of wizardry
HPRegen 0.25/turn    (no ring)
MPRegen 0.09/turn

%: wizardry (x1)
@: resistant, hasted, very quick
A: no striking features
a: no special abilities


You were on level 2 of the Dungeon.
You visited 1 branch of the dungeon, and saw 2 of its levels.

You collected 106 gold pieces.

Inventory:

Hand Weapons
 a - a +2 hand axe (weapon)
Missiles
 g - 3 poisoned darts
 h - 3 boomerangs (quivered)
Armour
 c - a +0 scale mail (worn)
 p - a +0 pair of boots (worn)
Jewellery
 b - a ring of wizardry (left hand)
Scrolls
 f - a scroll of teleportation {unknown}
 i - 4 scrolls of identify {unknown}
 k - 2 scrolls of amnesia {unknown}
 l - a scroll of fear {unknown}
 m - 2 scrolls of blinking {unknown}
 q - a scroll of noise {unknown}
 r - a scroll of vulnerability {unknown}
Potions
 d - 2 potions of attraction
 e - 2 potions of mutation
 n - 2 potions of heal wounds {unknown}
 o - a potion of flight {unknown}


   Skills:
 + Level 1.1 Fighting
 + Level 6.1 Axes
 + Level 1.2 Staves
 + Level 2.3 Armour
 + Level 0.1 Dodging
 + Level 1.0 Stealth


You had 3 spell levels left.
You didn't know any spells.
Your spell library contained the following spells:

 Spells                   Type           Power      Damage    Failure   Level
 Shock                    Conj/Air       0%         1d3       45%         1
 Lesser Beckoning         Tloc           0%         N/A       58%         2
 Gell's Gravitas          Tloc           0%         N/A       82%         3
 Swiftness                Air            0%         N/A       82%         3
 Teleport Other           Tloc           0%         N/A       82%         3
 Airstrike                Air            0%         2d(0-16)  99%         4


Dungeon Overview and Level Annotations

Branches:
Dungeon (2/15)

Altars:

Shops:
D:1 ([[:

Annotations:
D:2 Crazy Yiuf


Message History

You feel very sick.
You hit Crazy Yiuf but do no damage.
Crazy Yiuf is heavily wounded.
* * * LOW HITPOINT WARNING * * *
You feel sick.
Crazy Yiuf drinks a potion.
Crazy Yiuf is healed!
You barely miss Crazy Yiuf.
* * * LOW HITPOINT WARNING * * *
You feel sick.
Crazy Yiuf hits you with a +4 quarterstaff of chaos.
* * * LOW HITPOINT WARNING * * *
Okay, then.
You feel better.
You closely miss Crazy Yiuf.
Crazy Yiuf hits you with a +4 quarterstaff of chaos.
You hit Crazy Yiuf but do no damage. Crazy Yiuf barely misses you.
You closely miss Crazy Yiuf. You hit Crazy Yiuf.
Crazy Yiuf is lightly wounded.
Crazy Yiuf laughs, "Adder fast Orb Guardian!"
Crazy Yiuf hits you with a +4 quarterstaff of chaos.
You slash Crazy Yiuf!
Crazy Yiuf is heavily wounded.
Crazy Yiuf completely misses you.
You barely miss Crazy Yiuf.
Crazy Yiuf is heavily wounded.
You closely miss Crazy Yiuf.
Crazy Yiuf is heavily wounded.
Crazy Yiuf hits you with a +4 quarterstaff of chaos.
* * * LOW HITPOINT WARNING * * *
You hit Crazy Yiuf.
Crazy Yiuf is heavily wounded.
Crazy Yiuf hits you with a +4 quarterstaff of chaos.
* * * LOW HITPOINT WARNING * * *
It was a potion of mutation.
You feel extremely strange.
You feel weaker.
You feel stronger.
You hit Crazy Yiuf.
Crazy Yiuf is severely wounded.
Crazy Yiuf says, "Earwax!"
Crazy Yiuf hits you with a +4 quarterstaff of chaos!
You die...

######
#.....
#..... #####
#..... #..)#
#######.
#).)#
#....... ...
###..... #g#
#######.....
♣♣@♣
#...........
♣.♣♣
#........÷..
♣♣.♣
#...........
♣.♣♣
#...........
♣♣)♣♣
#.....<.....
♣.P.♣♣
#......)....
♣P.PP♣
######......
#....#
#...........
#....#
#####.......


You could see Crazy Yiuf.

Vanquished Creatures
  3 adders (D:2)
  3 ball pythons
  2 bats (D:1)
  3 endoplasms (D:1)
  3 giant cockroaches
  5 goblins
  2 hobgoblins (D:1)
  4 kobolds
  4 quokkas
  4 frilled lizards
  3 rats (D:1)
36 creatures vanquished.

Notes
Turn   | Place    | Note
-------+----------+-------------------------------------------
     0 | D:1      | monsoonserge the Human Wanderer began the quest for the
                  | Orb.
     0 | D:1      | monsoonserge set off with the following items: a +2 hand
                  | axe, a +0 quarterstaff, a +0 scale mail, a potion of
                  | attraction.
     0 | D:1      | Reached XP level 1. HP: 15/15 MP: 1/1
    33 | D:1      | Reached XP level 2. HP: 21/21 MP: 2/2
   324 | D:1      | Reached XP level 3. HP: 26/26 MP: 3/3
   485 | D:1      | Found Ygixteer's Antique Weapon Shoppe.
   564 | D:1      | Found Haxzymni's Antique Armour Emporium.
   730 | D:1      | Found Wiecaab's Book Shoppe.
   761 | D:1      | Found Jurielu's Armour Shop.
  1086 | D:2      | Reached skill level 6 in Axes
  1086 | D:2      | Reached XP level 4. HP: 9/32 MP: 4/4
  1240 | D:2      | Found a runed translucent door.
  1241 | D:2      | Noticed Crazy Yiuf
  1406 | D:2      | Gained mutation: You are weak. (Str -2) [potion of
                  | mutation]
  1406 | D:2      | Lost mutation: You are weak. (Str -2) [potion of mutation]
  1407 | D:2      | Slain by Crazy Yiuf

Illustrated notes

Levels and vault maps discovered:
D:1:      dpeg_arrival_rooms_with_view, layout_loops_ring, serial_shops, shop,
          shop, nicolae_shop_back_alley_shop, shop, amethyst_killhole,
          nicolae_eternal_life
D:2:      layout_rooms, uniq_crazy_yiuf_cottage

Skill      XL: |  1  2  3 |
---------------+----------+-----
Axes           | 6 |  6.1
Fighting       | |  1.1
Staves         | |  1.2
Armour         | |  2.3
Dodging        | |  0.1
Stealth        | |  1.0

Action                     |  1- 3 |  4- 6 || total
---------------------------+-------+-------++-------
  Melee: Hand axe          |    85 |    30 ||   115
         Punch             |       |     1 ||     1
    Use: Potion            |       |     2 ||     2
 Armour: Scale mail        |    51 |     7 ||    58
  Dodge: Dodged            |    36 |     9 ||    45
